 Dungeon Crawl Stone Soup version 0.29-a0-885-gb26ba3297d (webtiles) character file.

Game seed: 17667036339112714644

18283 xian the Destroyer (level 12, -6/101 (103) HPs)
             Began as a Naga Conjurer on July 21, 2022.
             Was an Initiate of Gozag.
             Mangled by an orange demon (7 damage)
             ... on level 2 of the Orcish Mines.
             The game lasted 00:56:03 (18601 turns).

xian the Destroyer (Naga Conjurer)                 Turns: 18601, Time: 00:56:06

HP:   -6/101 (103)  AC: 22    Str: 10    XL:     12   Next: 56%
MP:   18/25         EV: 11    Int: 21    God:    Gozag
Gold: 1125          SH:  0    Dex: 16    Spells: 19/30 levels left

rFire   . . .      SeeInvis +   F - +2 short sword (drain)
rCold   . . .      Faith    .   (no shield)
rNeg    . . .      Spirit   .   m - +5 ring mail of the Moon {Dex+4}
rPois   +          Reflect  .   i - +0 helmet {SInv}
rElec   .          Harm     .   (no cloak)
rCorr   .          Rampage  .   (no gloves)
Will    +....                   (no barding)
Stlth   +++.......              (no amulet)
HPRegen 0.26/turn               s - +4 ring of protection
MPRegen 0.19/turn               l - +4 ring of protection

@: about to teleport, gold aura, lightly drained, very slow
A: AC +4, large, see invisible, deformed body, poison resistance, slowness 2,
spit poison 1, naga tail 1
a: Spit Poison, Renounce Religion, Potion Petition, Call Merchant, Bribe Branch


You were on level 2 of the Orcish Mines.
You worshipped Gozag.
Gozag was most pleased with you.
You visited 3 branches of the dungeon, and saw 14 of its levels.
You also visited: Sewer.

You collected 2922 gold pieces.
You spent 1655 gold pieces at shops.
You paid 142 gold pieces to Gozag.

Inventory:

Hand Weapons
 d - a +3 dagger of venom
 F - a +2 short sword of draining (weapon)
Armour
 a - a +1 robe
 i - a +0 helmet of see invisible (worn)
 m - the +5 ring mail of the Moon (worn) {Dex+4}
   (You found it on level 5 of the Dungeon)

   Dex:       It affects your dexterity (+4).
Jewellery
 l - a +4 ring of protection (right hand)
 s - a +4 ring of protection (left hand)
 x - a +6 ring of strength
 B - a +4 ring of evasion
Wands
 j - a wand of iceblast (5)
 v - a wand of flame (8)
 z - a wand of polymorph (4)
 E - a wand of charming (2)
Scrolls
 c - 2 scrolls of immolation
 e - 3 scrolls of teleportation
 n - 2 scrolls of brand weapon
 t - a scroll of amnesia
 u - 2 scrolls of fog
 w - 2 scrolls of poison
 y - 2 scrolls of enchant weapon
 G - a scroll of silence
 I - a scroll of blinking
 J - a scroll of torment
 K - a scroll of fear
Potions
 b - 2 potions of magic
 f - 4 potions of flight
 g - 8 potions of curing
 h - 4 potions of lignification
 k - a potion of cancellation
 o - 2 potions of resistance
 p - 2 potions of attraction
 q - 2 potions of heal wounds
 r - 2 potions of mutation
 A - 3 potions of might
 D - a potion of brilliance
 H - a potion of invisibility
Miscellaneous
 C - a piece from Xom's chessboard (15/15)


   Skills:
 + Level 5.3 Fighting
 + Level 4.7 Short Blades
 + Level 7.6 Armour
 + Level 6.4 Dodging
 + Level 7.6 Stealth
 + Level 9.8 Spellcasting
 + Level 10.4 Conjurations
 + Level 2.1 Translocations
 + Level 0.7 Ice Magic
 + Level 0.6 Evocations


You had 19 spell levels left.
You knew the following spells:

 Your Spells              Type           Power      Damage    Failure   Level
a - Magic Dart            Conj           100%       1d8       1%          1
b - Searing Ray           Conj           100%       2d8       1%          2
c - Iskenderun's Mystic   Conj/Tloc      36%        2d9       11%         4
d - Hailstorm             Conj/Ice       33%        3d8       14%         4

Your spell library contained the following spells:

 Spells                   Type           Power      Damage    Failure   Level
 Dazzling Flash           Conj/Hex       64%        N/A       5%          3
 Fulminant Prism          Conj/Hex       16%        3d11      17%         4
 Portal Projectile        Hex/Tloc       28%        N/A       28%         3
 Inner Flame              Hex/Fire       10%        N/A       41%         3
 Summon Guardian Golem    Hex/Summ       10%        N/A       41%         3
 Tukima's Dance           Hex            10%        N/A       41%         3
 Passage of Golubria      Tloc           19%        N/A       52%         4
 Anguish                  Hex/Necr       5%         N/A       82%         4
 Cause Fear               Hex            5%         N/A       82%         4
 Dispel Undead            Necr           10%        3d9       82%         4
 Orb of Destruction       Conj           26%        9d9       86%         7
 Agony                    Necr           10%        N/A       99%         5
 Silence                  Hex/Air        5%         N/A       99%         5
 Yara's Violent Unravell  Hex/Tmut       5%         3d4       99%         5
 Death Channel            Necr           5%         N/A       100%        6
 Enfeeble                 Hex            5%         N/A       100%        7
 Corpse Rot               Necr/Pois/Air  Unusable   N/A       N/A         4

Dungeon Overview and Level Annotations

Branches:
Dungeon (11/15)            Temple (1/1) D:7            Lair (0/5) D:10
    Orc (2/2) D:11            Elf (0/3) Orc:2         Sewer (visited)

Altars:
Ashenzari
Cheibriados
Dithmenos
Elyvilon
Fedhas
Gozag
Hepliaklqana
Kikubaaqudgha
Makhleb
Nemelex Xobeh
Okawaru
Qazlal
Ru
Sif Muna
Trog
Uskayaw
Vehumet
Wu Jian
Xom
Yredelemnul
Zin
The Shining One

Shops:
D:7 (   D:10 *[?*   Orc:2 *!


Innate Abilities, Weirdness & Mutations

Your serpentine skin is tough. (AC +4)
You have supernaturally acute eyesight. (SInv)
Armour fits poorly on your strangely shaped body.
Your system is resistant to poisons. (rPois)
You cover ground very slowly.
You can spit poison.
You have a snake-like lower body.


Message History

The orc warrior hits you but does no damage.
The hellwing swoops through the air toward you!
The hellwing hits you but does no damage. x2
The orange demon misses you.
The searing ray hits the orc sorcerer.
You kill the orc sorcerer!
The searing ray hits the orc warrior.
The orc warrior is heavily wounded.
The searing ray hits the orc warrior.
The orc warrior is lightly wounded.
The orc warrior hits you from afar with a +0 glaive.
The hellwing is distracted by your dazzling golden aura.
The orange demon stings you but does no damage.
The hellwing gives a chilling moan.
You hear a shout!
The orc knight roars a battlecry!
The orcs go into a battle-frenzy!
The orc warrior hits you from afar with a +0 glaive!!
The orange demon stings you from afar.
You hear a shout!
The orc knight roars a battlecry!
The orc knight is distracted by your dazzling golden aura.
The orc sorcerer gestures wildly while chanting.
The orange demon stings you from afar.
The orc warrior hits you with a +0 hand axe!
* * * LOW HITPOINT WARNING * * *
The orange demon stings you but does no damage.
The orc warrior barely misses you.
The hellwing swoops through the air toward you!
The hellwing closely misses you.
The hellwing hits you but does no damage.
An orc warrior comes into view. It is wielding a +0 long sword.
As you read the scroll of teleportation, it crumbles to dust.
You feel strangely unstable.
The orc warrior hits you from afar with a +0 glaive!!
* * * LOW HITPOINT WARNING * * *
The hellwing hits you but does no damage.
The hellwing completely misses you. The orange demon stings you from afar!
You die...
Your body crumbles into a pile of gold.

##..#
##..###...###...###.
##...###..###...##
##...###
##....##).###...##
##...##
##.#......###...##
##...#
#...#....###...## #...
##......###.#.## #.#
#.....###...##
##.#...###4#4## ####.##
##@o.# ########oo$#
##.##.####4..# ###
#.......###...#
##.####.......###oo.o
##.
#....###.......###o#3.
##..
#...............###..o.
##...
##...............###...
##....
##.#...............##
##.....


You could see 2 orc knights, a sun demon (summoned), an orange demon, 2
hellwings, an orc sorcerer (strong), 3 orc warriors and an orc priest (strong).

Vanquished Creatures
  Erolcha (D:11)
  A hydra (D:11)
  2 two-headed ogres
  An orc high priest (Orc:1)
  Sonja (D:11)
  An orc knight (Orc:2)
  A wolf spider (D:11)
  An ugly thing (D:11)
  2 orc sorcerers (Orc:2)
  Joseph (D:10)
  A komodo dragon (D:11)
  3 trolls
  Sigmund (D:5)
  3 wyverns (D:10)
  21 yaks
  3 steam dragons
  A vampire mosquito (D:6)
  A warg (Orc:2)
  Edmund (D:5)
  8 water moccasins
  An acid dragon (D:9)
  Pargi (Sewer)
  21 orc warriors
  2 ogres (Orc:2)
  16 centaurs
  4 kobold brigands
  A bullfrog (D:8)
  3 scorpions
  4 wights (D:8)
  4 killer bees (D:9)
  An electric eel (Orc:2)
  8 howler monkeys
  5 hounds
  20 orc priests
  3 jellies
  2 iguanas
  A gnoll bouda (D:8)
  16 orc wizards
  4 gnolls (D:8)
  10 adders
  4 white imps
  4 worms
  3 dart slugs
  48 orcs
  7 ball pythons
  6 bats
  An endoplasm (D:2)
  4 giant cockroaches (D:1)
  6 goblins
  10 hobgoblins
  3 quokkas
  5 frilled lizards
  25 kobolds
  16 rats
  A spectral orc (D:7)
325 creatures vanquished.

Vanquished Creatures (others)
  A centaur (D:11)
  An orc (Orc:2)
  A bush (D:10)
  4 fungi (D:10)
  19 plants (D:10)
26 creatures vanquished.

Grand Total: 351 creatures vanquished

Notes
Turn   | Place    | Note
-------+----------+-------------------------------------------
     0 | D:1      | xian the Naga Conjurer began the quest for the Orb.
     0 | D:1      | Reached XP level 1. HP: 15/15 MP: 3/3
   169 | D:1      | Found a faded altar of an unknown god.
   184 | D:1      | Reached XP level 2. HP: 19/22 MP: 1/5
   187 | D:1      | Learned a level 2 spell: Searing Ray
   838 | D:1      | Reached XP level 3. HP: 28/28 MP: 4/6
  1225 | D:2      | Reached skill level 1 in Short Blades
  1353 | D:2      | Reached skill level 5 in Conjurations
  1395 | D:2      | Reached XP level 4. HP: 36/36 MP: 5/7
  1856 | D:3      | Found a glowing drain.
  1862 | Sewer    | Entered a sewer
  1948 | Sewer    | Noticed Pargi
  1978 | Sewer    | Killed Pargi
  1979 | Sewer    | Reached XP level 5. HP: 14/43 MP: 0/9
  2456 | D:3      | Reached XP level 6. HP: 50/50 MP: 5/10
  2759 | D:3      | Reached skill level 1 in Fighting
  2905 | D:3      | Found a large runed translucent door.
  2906 | D:3      | Found a large runed translucent door.
  2918 | D:3      | Found a shimmering blue altar of Sif Muna.
  2931 | D:3      | Found a blossoming altar of Fedhas.
  2998 | D:3      | Found a burning altar of Makhleb.
  3329 | D:4      | Noticed a water moccasin
  3336 | D:4      | Killed a water moccasin
  3337 | D:4      | Reached skill level 6 in Conjurations
  3337 | D:4      | Reached XP level 7. HP: 52/57 MP: 4/12
  4582 | D:5      | Entered Level 5 of the Dungeon
  4589 | D:5      | Learned a level 4 spell: Iskenderun's Mystic Blast
  4592 | D:5      | Identified a scroll of acquirement
  4592 | D:5      | Acquired Riuwiego's Anthology of Hindering Battling
  4649 | D:5      | Reached skill level 5 in Stealth
  4784 | D:5      | Reached XP level 8. HP: 63/64 MP: 11/15
  4844 | D:5      | Found a snail-covered altar of Cheibriados.
  5070 | D:5      | Reached skill level 5 in Spellcasting
  5218 | D:5      | Identified the +5 ring mail of the Moon {Dex+4}
  5235 | D:5      | Noticed Edmund
  5251 | D:5      | Killed Edmund
  5252 | D:5      | Reached skill level 7 in Conjurations
  5272 | D:5      | Noticed Sigmund
  5343 | D:5      | Killed Sigmund
  5757 | D:5      | Found a stormy altar of Qazlal.
  6120 | D:6      | Reached skill level 1 in Armour
  6349 | D:6      | Reached XP level 9. HP: 71/73 MP: 9/18
  6894 | D:7      | Found Zulesar's Antique Weapon Shop.
  7071 | D:7      | Found a basalt altar of Yredelemnul.
  7445 | D:7      | Reached skill level 8 in Conjurations
  8159 | D:7      | Found a staircase to the Ecumenical Temple.
  8165 | Temple   | Entered the Ecumenical Temple
  8259 | Temple   | Became a worshipper of Gozag Ym Sagoz the Greedy
  8408 | D:8      | Found a sparkling altar of Nemelex Xobeh.
  9264 | D:8      | Found a white marble altar of Elyvilon.
 10020 | D:9      | Learned a level 4 spell: Hailstorm
 10109 | D:9      | Reached XP level 10. HP: 58/81 MP: 12/21
 10423 | D:9      | Reached skill level 9 in Conjurations
 10674 | D:9      | Found a shadowy altar of Dithmenos.
 11224 | D:10     | Entered Level 10 of the Dungeon
 11471 | D:10     | Found an ornate altar of the Wu Jian Council.
 11499 | D:10     | Reached skill level 5 in Armour
 11849 | D:10     | Found Guulonui's General Store.
 11859 | D:10     | Bought a scroll of teleportation for 33 gold pieces
 11859 | D:10     | Bought a scroll of silence for 104 gold pieces
 11859 | D:10     | Bought a potion of invisibility for 88 gold pieces
 11859 | D:10     | Bought a potion of flight for 33 gold pieces
 11940 | D:10     | Reached skill level 5 in Dodging
 11940 | D:10     | Reached XP level 11. HP: 64/90 MP: 9/23
 11955 | D:10     | Found a staircase to the Lair.
 12116 | D:10     | Noticed Joseph
 12118 | D:10     | Noticed a two-headed ogre
 12123 | D:10     | Reached skill level 1 in Translocations
 12129 | D:10     | Killed Joseph
 12137 | D:10     | Killed a two-headed ogre
 12474 | D:10     | Found Pouthypupa's Magic Scroll Shop.
 12475 | D:10     | Found Mamoufoo's Armour Emporium.
 12486 | D:10     | Bought a +0 helmet of see invisible for 126 gold pieces
 12497 | D:10     | Bought a scroll of identify for 26 gold pieces
 12497 | D:10     | Bought a scroll of teleportation for 39 gold pieces
 12497 | D:10     | Bought a scroll of identify for 26 gold pieces
 12497 | D:10     | Bought a scroll of teleportation for 39 gold pieces
 12497 | D:10     | Bought a scroll of identify for 26 gold pieces
 12497 | D:10     | Bought a scroll of identify for 26 gold pieces
 12497 | D:10     | Bought a scroll of teleportation for 39 gold pieces
 12502 | D:10     | Found Yram Fea's Assorted Antiques.
 12513 | D:10     | Bought a scroll labelled VASOGA FUISO for 28 gold pieces
 12513 | D:10     | Bought a potion of curing for 84 gold pieces
 12532 | D:11     | Noticed Sonja
 12538 | D:11     | Killed Sonja
 12579 | D:11     | Noticed a white ugly thing
 12588 | D:11     | Killed a white ugly thing
 12612 | D:11     | Noticed a four-headed hydra
 12980 | D:11     | Noticed a wolf spider
 12989 | D:11     | Noticed a two-headed ogre
 12990 | D:11     | Killed a wolf spider
 13247 | D:11     | Killed a four-headed hydra
 13457 | D:11     | Killed a two-headed ogre
 13458 | D:11     | Reached skill level 10 in Conjurations
 13811 | D:11     | Noticed Erolcha
 14122 | D:11     | Found a staircase to the Orcish Mines.
 14178 | D:11     | Reached XP level 12. HP: 77/102 MP: 16/25
 14491 | D:11     | Killed Erolcha
 14710 | Orc:1    | Entered Level 1 of the Orcish Mines
 14721 | Orc:1    | Reached skill level 5 in Fighting
 14861 | Orc:1    | Noticed an orc high priest
 14876 | Orc:1    | Killed an orc high priest
 15329 | Orc:2    | Entered Level 2 of the Orcish Mines
 15353 | D:11     | HP: 1/103 [orc knight/+1 great mace of holy wrath (25)]
 16609 | Orc:2    | Found a staircase to the Elven Halls.
 18017 | Orc:2    | Found Gaydil's Distillery.
 18023 | Orc:2    | Found Suciph's General Store.
 18326 | Orc:2    | Bought a potion of magic for 112 gold pieces
 18326 | Orc:2    | Bought a potion of curing for 42 gold pieces
 18326 | Orc:2    | Bought a potion of curing for 42 gold pieces
 18326 | Orc:2    | Bought a potion of cancellation for 112 gold pieces
 18326 | Orc:2    | Bought a potion of heal wounds for 70 gold pieces
 18328 | Orc:2    | Bought a book of Maledictions for 416 gold pieces
 18328 | Orc:2    | Bought a scroll of fear for 64 gold pieces
 18328 | Orc:2    | Bought a potion of heal wounds for 80 gold pieces
 18601 | Orc:2    | HP: 1/101 [orc warrior/+0 glaive (23)]
 18601 | Orc:2    | Mangled by an orange demon

Illustrated notes

Levels and vault maps discovered:
D:1:      evilmike_arrival_grusome_pit, layout_loops_ring,
          hellmonk_ecumenical_altar_run_dry, chequers_serial_rivers_micro_b
D:2:      layout_rooms, minmay_split_cup_large
D:3:      layout_loops_cross, lightli_temple_of_fire, jmf_multi_god_temple2,
          lightli_sewer_entry_pipes
D:4:      layout_loops_cross
D:5:      layout_loops_corners, cheibriados_altar_1, grunt_qazlal_clouds,
          sigmund_edmund_badplayer
D:6:      layout_basic, minmay_microvault
D:7:      layout_basic, yredelemnul_forgotten_temple_becter,
          minmay_temple_entry_enclosed_plants, nicolae_ossuary_entry_monument,
          serial_shops, nicolae_stop_n_shop_1
D:8:      layout_gridville, general_overflow_altar, mainiacjoe_overflow_brackets
D:9:      layout_roguey, nicolae_dithmenos_the_darkroom
D:10:     layout_cross, amcnicky_altar_gilded, minmay_lair_entry_grove,
          serial_shops, nicolae_diamond_shop, nicolae_lakefront_shop,
          nicolae_shop_crystal, nicolae_shop_window_shopping,
          kennysheep_generic_room_3, uniq_joseph
D:11:     layout_roguey, orc_david_3, uniq_sonja, uniq_erolcha
Temple:   hellmonk_temple_forest_ring
Orc:1:    layout_caves, serial_shops, shop, kennysheep_orc_chapel
Orc:2:    pf_orc_diabolical, layout_caves, hellmonk_bongcloud_opening,
          nicolae_orc_flooded_monolith

Skill      XL: |  1  2  3  4  5  6  7  8  9 10 11 12 |
---------------+-------------------------------------+-----
Short Blades   | 1 2 3 4 |  4.7
Conjurations   | 5 6 7 8 9 10 | 10.4
Spellcasting   | 3 4 6 7 8 9 |  9.8
Dodging        | 2 3 4 5 6 |  6.4
Fighting       | 1 2 3 4 5 |  5.3
Stealth        | 4 5 6 7 |  7.6
Armour         | 1 3 5 7 |  7.6
Translocations | 1 2 |  2.1
Ice Magic      | |  0.7
Evocations     | |  0.6

Action                   |  1- 3 |  4- 6 |  7- 9 | 10-12 || total
-------------------------+-------+-------+-------+-------++-------
Melee: Dagger            |     4 |    32 |    50 |    67 ||   153
       Short sword       |       |       |       |   103 ||   103
       Punch             |       |       |       |     2 ||     2
 Cast: Magic Dart        |    48 |    85 |   149 |   120 ||   402
       Searing Ray       |       |     2 |    47 |    98 ||   147
       Iskenderun's Myst |       |       |       |    30 ||    30
       Hailstorm         |       |       |       |     6 ||     6
 Abil: Spit Poison       |     1 |     4 |    14 |    46 ||    65
Evoke: Wand              |       |       |       |     6 ||     6
  Use: Scroll            |     6 |     7 |     9 |    18 ||    40
       Potion            |       |     2 |       |     3 ||     5
 Stab: Sleeping          |       |     1 |       |       ||     1
       Distracted        |       |       |       |     5 ||     5
Armor: Robe              |     1 |    17 |    13 |       ||    31
       Ring mail         |       |       |    77 |   359 ||   436
Dodge: Dodged            |     4 |    36 |    67 |   292 ||   399

Table legend: (Time is in decaauts)
 A = Elapsed time spent in this place.
 B = Non-inter-level travel time spent in this place.
 C = Inter-level travel time spent in this place.
 D = Time resting spent in this place.
 E = Time spent auto-exploring this place.
 F = Levels seen in this place.
 G = Mean time per level.
                   A        B        C        D        E       F      G
               +--------+--------+--------+--------+--------+-----+--------+
         Total |  21750 |  21217 |    533 |   1119 |  16336 |  15 | 1450.0 |
       Dungeon |  16865 |  16366 |    499 |    457 |  13165 |  11 | 1533.2 |
        Temple |    143 |    143 |      0 |      0 |    103 |   1 |  143.0 |
  Orcish Mines |   4216 |   4183 |     33 |    662 |   2650 |   2 | 2108.0 |
         Sewer |    524 |    524 |      0 |      0 |    417 |   1 |  524.0 |
               +--------+--------+--------+--------+--------+-----+--------+

Top non-repeatable levels by time:
   Orc:2: 2880 daAuts
    D:10: 2012 daAuts
    D:11: 1824 daAuts
     D:7: 1788 daAuts
     D:5: 1695 daAuts
     D:8: 1683 daAuts
     D:9: 1630 daAuts
     D:4: 1466 daAuts
     D:3: 1440 daAuts
     D:1: 1395 daAuts
   Orc:1: 1335 daAuts
     D:6: 1179 daAuts
     D:2: 747 daAuts
   Sewer: 524 daAuts
  Temple: 143 daAuts
